cohdb
Replays
Latest Replays
All Replays
Popular Replays
Top Player Replays
Match Explorer
How It Works
Community
CoH3 Stats
Reddit
Sign in to upload your games and track your stats! →
Sign in with Steam
Match 45848669
Unlisted
Match 45848669
Overview
Messages
Build Orders
End
Kradschützen Motorcycle Team
Panzergrenadier Squad
250 Light Carrier
Construct Light Support Kompanie
Panzergrenadier Squad
Fire Support Elements
Vehicle Survival Package
Panzerjäger Mechanized Group
Pak 38 Anti-tank Gun Team
Selects Battlefield Espionage Battlegroup
Selects Intel Disruption Beacon
Selects Plunder
Selects 250/3 Funkpanzerwagen
Veteran Squad Leaders
Combat Half-tracks
Construct Panzerarmee Kommand
Pak 38 Mechanized Group
Selects Anti-Tank Incendiary Munitions
Panzergrenadier Squad
Walking Stuka Rocket Launcher
Selects Firestorm
Pak 38 Mechanized Group
Tiger Mafia
alloverU LIKEARASH
『BlackBear』
Balzeal
0
0
Comments
sign in to comment!
No comments posted yet!